 Dungeon Crawl Stone Soup version 0.19.1 (webtiles) character file.

426 Haldmier the Destroyer (level 6, -6/32 HPs)
             Began as a Deep Elf Conjurer on Dec 2, 2016.
             Was a Follower of Kikubaaqudgha.
             Killed from afar by Blork the orc (10 damage)
             ... with a puff of flame
             ... on level 4 of the Dungeon.
             The game lasted 00:15:31 (3637 turns).

Haldmier the Destroyer (Deep Elf Conjurer)          Turns: 3637, Time: 00:15:32

Health: -6/32      AC:  6    Str:  5    XL:     6   Next: 64%
Magic:  7/12       EV: 13    Int: 22    God:    Kikubaaqudgha [*.....]
Gold:   234        SH:  0    Dex: 15    Spells: 5 memorised, 0 levels left

rFire  . . .     SeeInvis .     A - -1 rapier (curse)
rCold  . . .     Gourm    .     a - +0 robe
rNeg   . . .     Faith    .     (no shield)
rPois  .         Spirit   .     x - +2 helmet
rElec  .         Reflect  .     (no cloak)
rCorr  .         Harm     .     w - +0 pair of gloves
MR     .....                    (no boots)
Stlth  ++........               (no amulet)
                                (no ring)
                                (no ring)

@: lethally poisoned (-6 -> -19)
A: no striking features
a: Receive Corpses, Renounce Religion


You were on level 4 of the Dungeon.
You worshipped Kikubaaqudgha.
Kikubaaqudgha was aware of your devotion.
You were not hungry.

You visited 2 branches of the dungeon, and saw 5 of its levels.

You collected 234 gold pieces.

Inventory:

Hand Weapons
 f - a cursed -3 dagger
 A - a cursed -1 rapier (weapon)
Armour
 a - a +0 robe (worn)
 w - a +0 pair of gloves (worn)
 x - a +2 helmet (worn)
Jewellery
 h - a +4 ring of evasion {unknown}
 z - an uncursed amulet of guardian spirit {unknown}
Scrolls
 d - 3 scrolls of teleportation {unknown}
 i - a scroll of enchant weapon {unknown}
 l - 3 scrolls of magic mapping {unknown}
 m - 4 scrolls of remove curse {unknown}
 p - 4 scrolls of random uselessness {unknown}
 t - 2 scrolls of identify {unknown}
Potions
 e - 2 potions of agility {unknown}
 k - a potion of beneficial mutation {unknown}
 n - 2 potions of heal wounds {unknown}
 o - a potion of haste {unknown}
 q - 2 potions of degeneration {unknown}
 r - 2 potions of flight {unknown}
 s - a potion of lignification {unknown}
Books
 b - a book of Conjurations

   Spells                             Type                      Level
   a - Magic Dart                     Conjuration                  1
   b - Searing Ray                    Conjuration                  2
   c - Dazzling Spray                 Conjuration/Hexes            3
   d - Fulminant Prism                Conjuration/Hexes            4
   e - Iskenderun's Mystic Blast      Conjuration                  4
   f - Iskenderun's Battlesphere      Conjuration/Charms           5
 v - a book of Maledictions

   Spells                             Type                      Level
   a - Corona                         Hexes                        1
   b - Ensorcelled Hibernation        Hexes/Ice                    2
   c - Confuse                        Hexes                        3
   d - Tukima's Dance                 Hexes                        3
   e - Dazzling Spray                 Conjuration/Hexes            3
 y - Kikubaaqudgha's Handbook of Sinister Arts
   (Kikubaaqudgha gifted it to you on level 3 of the Dungeon)

   Spells                             Type                      Level
   a - Animate Skeleton               Necromancy                   1
   b - Corpse Rot                     Necromancy                   2
   c - Sublimation of Blood           Necromancy                   2
   d - Vampiric Draining              Necromancy                   3
   e - Control Undead                 Necromancy                   4
Comestibles
 c - 5 bread rations
 g - a beef jerky
 j - 2 meat rations
 u - 9 chunks of flesh


   Skills:
 - Level 2.4 Dodging
 - Level 2.4 Stealth
 - Level 3.0 Spellcasting
 * Level 8.6 Conjurations
 + Level 1.9 Necromancy


You couldn't memorise any spells.
You knew the following spells:

 Your Spells              Type           Power        Failure   Level  Hunger
a - Magic Dart            Conj           ####         1%          1    None
b - Searing Ray           Conj           #####.       1%          2    ##.....
c - Dazzling Spray        Conj/Hex       ###...       8%          3    ###....
d - Iskenderun's Mystic   Conj           #####...     4%          4    ####...
e - Animate Skeleton      Necr           N/A          8%          1    None


Dungeon Overview and Level Annotations

Branches:
Dungeon (4/15)             Temple (1/1) D:4

Altars:
Ashenzari
Cheibriados
Fedhas
Hepliaklqana
Kikubaaqudgha
Makhleb
Nemelex Xobeh
Okawaru
Qazlal
Ru
Sif Muna
Trog
Uskayaw
Vehumet
Xom
Yredelemnul
Zin
The Shining One

Annotations:
D:4 Blork the orc, Menkaure


Message History

You take 7 damage, and have 25/32 hp.
MASSIVE DAMAGE!!
You now have 10/12 mp.
The searing ray hits Blork the orc.
Blork the orc is moderately wounded.
You now have 9/12 mp.
The searing ray hits Blork the orc.
Blork the orc is severely wounded.
Blork the orc casts a spell at you. The puff of frost hits you!
Blork the orc closely misses you.
You take 10 damage, and have 15/32 hp.
MASSIVE DAMAGE!!
You now have 8/12 mp.
The searing ray misses Blork the orc.
You finish channeling your searing ray.
Blork the orc hits you from afar with a glaive of venom!
* * * LOW HITPOINT WARNING * * *
You are lethally poisoned!
You take 9 damage, and have 6/32 hp.
MASSIVE DAMAGE!!
You now have 7/12 mp.
* * * LOW HITPOINT WARNING * * *
You feel sick.
Blork the orc gestures at you while chanting.
The puff of flame hits you!
You die...
Kikubaaqudgha rasps: "You have failed me!
Welcome... death!"

....##
####..####.####.......
..#
#.............#........
. #..8.8.8.8.8..#
....... #.............#
##.##.###.#####
#........# ..
#######.## #. ##.# #
#@## # #.# ##.# #o##
######.# #......#
..........#
#.#.#.#.#....
.............. #


You could see Blork the orc.

Vanquished Creatures
  2 orc priests (D:3)
  An orc wizard (D:4)
  An iguana (D:4)
  4 worker ants (D:4)
  Robin (D:3)
  3 gnolls (D:3)
  8 adders
  2 worms (D:2)
  A dart slug (D:2)
  8 leopard geckos
  5 orcs (D:3)
  2 ball pythons (D:2)
  4 giant cockroaches
  20 goblins
  16 hobgoblins
  5 kobolds
  5 bats
  7 frilled lizards
  4 rats
99 creatures vanquished.

Notes
Turn   | Place    | Note
-------+----------+-------------------------------------------
     0 | D:1      | Haldmier the Deep Elf Conjurer began the quest for the Orb.
     0 | D:1      | Reached XP level 1. HP: 10/10 MP: 6/6
   190 | D:1      | Reached XP level 2. HP: 15/15 MP: 5/8
   220 | D:1      | Learned a level 2 spell: Searing Ray
   237 | D:1      | Reached skill level 5 in Conjurations
   676 | D:1      | Reached XP level 3. HP: 19/19 MP: 5/9
  1116 | D:2      | Reached skill level 6 in Conjurations
  1247 | D:2      | Learned a level 3 spell: Dazzling Spray
  1260 | D:2      | Reached XP level 4. HP: 23/24 MP: 5/10
  1878 | D:3      | You fall through a shaft!
  1885 | D:4      | Reached skill level 7 in Conjurations
  1885 | D:4      | Reached XP level 5. HP: 24/28 MP: 6/11
  2028 | D:4      | Learned a level 4 spell: Iskenderun's Mystic Blast
  2041 | D:4      | Found a staircase to the Ecumenical Temple.
  2048 | Temple   | Entered the Ecumenical Temple
  2122 | Temple   | Became a worshipper of Kikubaaqudgha
  2224 | D:4      | Noticed Menkaure
  2314 | D:3      | Found a snail-covered altar of Cheibriados.
  2544 | D:3      | Noticed Robin
  2600 | D:3      | Killed Robin
  2755 | D:3      | Reached skill level 8 in Conjurations
  2755 | D:3      | Reached XP level 6. HP: 17/32 MP: 6/12
  2820 | D:3      | Reached * piety under Kikubaaqudgha
  2820 | D:3      | Identified Kikubaaqudgha's Handbook of Sinister Arts (Kikubaaqudgha gifted it to you on level 3 of the Dungeon)
  2820 | D:3      | Received a gift from Kikubaaqudgha
  2830 | D:3      | Learned a level 1 spell: Animate Skeleton
  3156 | D:3      | Found a glowing silver altar of Zin.
  3213 | D:3      | Reached skill level 1 in Necromancy
  3448 | D:4      | Found a sacrificial altar of Ru.
  3627 | D:4      | Noticed Blork the orc
  3637 | D:4      | Killed from afar by Blork the orc

Skill      XL: |  1  2  3  4  5  6 |
---------------+-------------------+-----
Conjurations   | 5 6 7 8 |  8.6
Necromancy     | 1 |  1.9
Dodging        | |  2.4
Stealth        | |  2.4
Spellcasting   | |  3.0

Action                   |  1- 3 |  4- 6 || total
-------------------------+-------+-------++-------
Melee: Rapier            |       |     1 ||     1
 Cast: Magic Dart        |    70 |    63 ||   133
       Searing Ray       |     2 |    20 ||    22
       Animate Skeleton  |       |     3 ||     3
  Eat: Chunk             |     1 |     8 ||     9
Armor: Robe              |     1 |     3 ||     4
Dodge: Dodged            |     3 |    20 ||    23
